Workbook

Sheet Calculadora
A1: Concepto | B1: Monto | C1: Porcentaje | D1: Cantidad | E1: Fecha | F1: Nota
A2: DATOS DE ENTRADA | F2: Cambia solo los valores de esta sección.
A3: Precio de venta | B3: 200000 | F3: Precio final de la unidad, después de descuentos.
A4: Enganche | C4: 0.2 | F4: Porcentaje del precio que se paga a la firma.
A5: Mensualidades durante la obra | D5: 24 | F5: Número de pagos mensuales hasta la entrega.
A6: Pago contra entrega | C6: 0.5 | F6: Porcentaje del precio que se paga al recibir la unidad, con recursos propios o crédito.
A7: Primera mensualidad | E7: 46327 | F7: Fecha del primer pago mensual.
A8: RESULTADOS | F8: Se calculan solos.
A9: Monto de enganche | B9: =B3*C4 | C9: =C4 | F9: Si hubo apartado y la política lo descuenta del enganche, réstalo al cobrar.
A10: Total en mensualidades | B10: =B3-B9-B11 | C10: =IFERROR(B10/B3,0) | F10: Lo que queda después del enganche y del pago contra entrega.
A11: Saldo contra entrega | B11: =B3*C6 | C11: =C6 | F11: Con recursos propios o crédito hipotecario.
A12: Mensualidad | B12: =IFERROR(B10/D5,0) | D12: =D5 | F12: Monto de cada pago mensual. En Cantidad, el número de pagos.
A13: Revisión | B13: =B9+B10+B11 | C13: =IFERROR(B13/B3,0) | F13: =IF(C4+C6>1,"Revisa: el enganche y el pago contra entrega suman más que el precio.","La suma de pagos coincide con el precio de venta.")

Sheet Cuotas
A1: N.º | B1: Concepto | C1: Fecha | D1: Monto | E1: Acumulado | F1: % del precio pagado
A2: =IF(ROW()-1<=Calculadora!$D$5+2,ROW()-1,"") | B2: =IF(A2="","",IF(A2=1,"Enganche",IF(A2<=Calculadora!$D$5+1,"Mensualidad "&(A2-1),"Pago contra entrega"))) | C2: =IF(A2="","",IF(A2=1,"A la firma",IF(A2<=Calculadora!$D$5+1,IF(Calculadora!$E$7="","",EDATE(Calculadora!$E$7,A2-2)),"A la entrega"))) | D2: =IF(A2="","",IF(A2=1,Calculadora!$B$9,IF(A2<=Calculadora!$D$5+1,Calculadora!$B$12,Calculadora!$B$11))) | E2: =IF(D2="","",SUM(D$2:D2)) | F2: =IF(E2="","",IFERROR(E2/Calculadora!$B$3,0))
A3: =IF(ROW()-1<=Calculadora!$D$5+2,ROW()-1,"") | B3: =IF(A3="","",IF(A3=1,"Enganche",IF(A3<=Calculadora!$D$5+1,"Mensualidad "&(A3-1),"Pago contra entrega"))) | C3: =IF(A3="","",IF(A3=1,"A la firma",IF(A3<=Calculadora!$D$5+1,IF(Calculadora!$E$7="","",EDATE(Calculadora!$E$7,A3-2)),"A la entrega"))) | D3: =IF(A3="","",IF(A3=1,Calculadora!$B$9,IF(A3<=Calculadora!$D$5+1,Calculadora!$B$12,Calculadora!$B$11))) | E3: =IF(D3="","",SUM(D$2:D3)) | F3: =IF(E3="","",IFERROR(E3/Calculadora!$B$3,0))
A4: =IF(ROW()-1<=Calculadora!$D$5+2,ROW()-1,"") | B4: =IF(A4="","",IF(A4=1,"Enganche",IF(A4<=Calculadora!$D$5+1,"Mensualidad "&(A4-1),"Pago contra entrega"))) | C4: =IF(A4="","",IF(A4=1,"A la firma",IF(A4<=Calculadora!$D$5+1,IF(Calculadora!$E$7="","",EDATE(Calculadora!$E$7,A4-2)),"A la entrega"))) | D4: =IF(A4="","",IF(A4=1,Calculadora!$B$9,IF(A4<=Calculadora!$D$5+1,Calculadora!$B$12,Calculadora!$B$11))) | E4: =IF(D4="","",SUM(D$2:D4)) | F4: =IF(E4="","",IFERROR(E4/Calculadora!$B$3,0))
A5: =IF(ROW()-1<=Calculadora!$D$5+2,ROW()-1,"") | B5: =IF(A5="","",IF(A5=1,"Enganche",IF(A5<=Calculadora!$D$5+1,"Mensualidad "&(A5-1),"Pago contra entrega"))) | C5: =IF(A5="","",IF(A5=1,"A la firma",IF(A5<=Calculadora!$D$5+1,IF(Calculadora!$E$7="","",EDATE(Calculadora!$E$7,A5-2)),"A la entrega"))) | D5: =IF(A5="","",IF(A5=1,Calculadora!$B$9,IF(A5<=Calculadora!$D$5+1,Calculadora!$B$12,Calculadora!$B$11))) | E5: =IF(D5="","",SUM(D$2:D5)) | F5: =IF(E5="","",IFERROR(E5/Calculadora!$B$3,0))
A6: =IF(ROW()-1<=Calculadora!$D$5+2,ROW()-1,"") | B6: =IF(A6="","",IF(A6=1,"Enganche",IF(A6<=Calculadora!$D$5+1,"Mensualidad "&(A6-1),"Pago contra entrega"))) | C6: =IF(A6="","",IF(A6=1,"A la firma",IF(A6<=Calculadora!$D$5+1,IF(Calculadora!$E$7="","",EDATE(Calculadora!$E$7,A6-2)),"A la entrega"))) | D6: =IF(A6="","",IF(A6=1,Calculadora!$B$9,IF(A6<=Calculadora!$D$5+1,Calculadora!$B$12,Calculadora!$B$11))) | E6: =IF(D6="","",SUM(D$2:D6)) | F6: =IF(E6="","",IFERROR(E6/Calculadora!$B$3,0))
A7: =IF(ROW()-1<=Calculadora!$D$5+2,ROW()-1,"") | B7: =IF(A7="","",IF(A7=1,"Enganche",IF(A7<=Calculadora!$D$5+1,"Mensualidad "&(A7-1),"Pago contra entrega"))) | C7: =IF(A7="","",IF(A7=1,"A la firma",IF(A7<=Calculadora!$D$5+1,IF(Calculadora!$E$7="","",EDATE(Calculadora!$E$7,A7-2)),"A la entrega"))) | D7: =IF(A7="","",IF(A7=1,Calculadora!$B$9,IF(A7<=Calculadora!$D$5+1,Calculadora!$B$12,Calculadora!$B$11))) | E7: =IF(D7="","",SUM(D$2:D7)) | F7: =IF(E7="","",IFERROR(E7/Calculadora!$B$3,0))
A8: =IF(ROW()-1<=Calculadora!$D$5+2,ROW()-1,"") | B8: =IF(A8="","",IF(A8=1,"Enganche",IF(A8<=Calculadora!$D$5+1,"Mensualidad "&(A8-1),"Pago contra entrega"))) | C8: =IF(A8="","",IF(A8=1,"A la firma",IF(A8<=Calculadora!$D$5+1,IF(Calculadora!$E$7="","",EDATE(Calculadora!$E$7,A8-2)),"A la entrega"))) | D8: =IF(A8="","",IF(A8=1,Calculadora!$B$9,IF(A8<=Calculadora!$D$5+1,Calculadora!$B$12,Calculadora!$B$11))) | E8: =IF(D8="","",SUM(D$2:D8)) | F8: =IF(E8="","",IFERROR(E8/Calculadora!$B$3,0))
A9: =IF(ROW()-1<=Calculadora!$D$5+2,ROW()-1,"") | B9: =IF(A9="","",IF(A9=1,"Enganche",IF(A9<=Calculadora!$D$5+1,"Mensualidad "&(A9-1),"Pago contra entrega"))) | C9: =IF(A9="","",IF(A9=1,"A la firma",IF(A9<=Calculadora!$D$5+1,IF(Calculadora!$E$7="","",EDATE(Calculadora!$E$7,A9-2)),"A la entrega"))) | D9: =IF(A9="","",IF(A9=1,Calculadora!$B$9,IF(A9<=Calculadora!$D$5+1,Calculadora!$B$12,Calculadora!$B$11))) | E9: =IF(D9="","",SUM(D$2:D9)) | F9: =IF(E9="","",IFERROR(E9/Calculadora!$B$3,0))
A10: =IF(ROW()-1<=Calculadora!$D$5+2,ROW()-1,"") | B10: =IF(A10="","",IF(A10=1,"Enganche",IF(A10<=Calculadora!$D$5+1,"Mensualidad "&(A10-1),"Pago contra entrega"))) | C10: =IF(A10="","",IF(A10=1,"A la firma",IF(A10<=Calculadora!$D$5+1,IF(Calculadora!$E$7="","",EDATE(Calculadora!$E$7,A10-2)),"A la entrega"))) | D10: =IF(A10="","",IF(A10=1,Calculadora!$B$9,IF(A10<=Calculadora!$D$5+1,Calculadora!$B$12,Calculadora!$B$11))) | E10: =IF(D10="","",SUM(D$2:D10)) | F10: =IF(E10="","",IFERROR(E10/Calculadora!$B$3,0))
A11: =IF(ROW()-1<=Calculadora!$D$5+2,ROW()-1,"") | B11: =IF(A11="","",IF(A11=1,"Enganche",IF(A11<=Calculadora!$D$5+1,"Mensualidad "&(A11-1),"Pago contra entrega"))) | C11: =IF(A11="","",IF(A11=1,"A la firma",IF(A11<=Calculadora!$D$5+1,IF(Calculadora!$E$7="","",EDATE(Calculadora!$E$7,A11-2)),"A la entrega"))) | D11: =IF(A11="","",IF(A11=1,Calculadora!$B$9,IF(A11<=Calculadora!$D$5+1,Calculadora!$B$12,Calculadora!$B$11))) | E11: =IF(D11="","",SUM(D$2:D11)) | F11: =IF(E11="","",IFERROR(E11/Calculadora!$B$3,0))
A12: =IF(ROW()-1<=Calculadora!$D$5+2,ROW()-1,"") | B12: =IF(A12="","",IF(A12=1,"Enganche",IF(A12<=Calculadora!$D$5+1,"Mensualidad "&(A12-1),"Pago contra entrega"))) | C12: =IF(A12="","",IF(A12=1,"A la firma",IF(A12<=Calculadora!$D$5+1,IF(Calculadora!$E$7="","",EDATE(Calculadora!$E$7,A12-2)),"A la entrega"))) | D12: =IF(A12="","",IF(A12=1,Calculadora!$B$9,IF(A12<=Calculadora!$D$5+1,Calculadora!$B$12,Calculadora!$B$11))) | E12: =IF(D12="","",SUM(D$2:D12)) | F12: =IF(E12="","",IFERROR(E12/Calculadora!$B$3,0))
A13: =IF(ROW()-1<=Calculadora!$D$5+2,ROW()-1,"") | B13: =IF(A13="","",IF(A13=1,"Enganche",IF(A13<=Calculadora!$D$5+1,"Mensualidad "&(A13-1),"Pago contra entrega"))) | C13: =IF(A13="","",IF(A13=1,"A la firma",IF(A13<=Calculadora!$D$5+1,IF(Calculadora!$E$7="","",EDATE(Calculadora!$E$7,A13-2)),"A la entrega"))) | D13: =IF(A13="","",IF(A13=1,Calculadora!$B$9,IF(A13<=Calculadora!$D$5+1,Calculadora!$B$12,Calculadora!$B$11))) | E13: =IF(D13="","",SUM(D$2:D13)) | F13: =IF(E13="","",IFERROR(E13/Calculadora!$B$3,0))
... A63: =IF(ROW()-1<=Calculadora!$D$5+2,ROW()-1,"") | B63: =IF(A63="","",IF(A63=1,"Enganche",IF(A63<=Calculadora!$D$5+1,"Mensualidad "&(A63-1),"Pago contra entrega"))) | C63: =IF(A63="","",IF(A63=1,"A la firma",IF(A63<=Calculadora!$D$5+1,IF(Calculadora!$E$7="","",EDATE(Calculadora!$E$7,A63-2)),"A la entrega"))) | D63: =IF(A63="","",IF(A63=1,Calculadora!$B$9,IF(A63<=Calculadora!$D$5+1,Calculadora!$B$12,Calculadora!$B$11))) | E63: =IF(D63="","",SUM(D$2:D63)) | F63: =IF(E63="","",IFERROR(E63/Calculadora!$B$3,0))

Sheet Cómo usar
A1: Plantilla de Flow Estate
A2: Guía completa: https://flowestate.app/blog/plan-de-pagos-enganche-mensualidades/
A4: 1. En la hoja Calculadora, cambia solo los datos de entrada: precio de venta, porcentaje de enganche, número de mensualidades, porcentaje contra entrega y fecha de la primera mensualidad.
A5: 2. Los resultados se calculan solos: monto de enganche, total en mensualidades, mensualidad y saldo contra entrega. Si la fila Revisión muestra una alerta, ajusta los porcentajes.
A6: 3. La hoja Cuotas arma el calendario completo: enganche, cada mensualidad con su fecha, pago contra entrega y acumulado pagado. Admite hasta 60 mensualidades.
A7: 4. Para comparar escenarios, guarda una copia del archivo por escenario antes de cambiar los datos.
A8: 5. Para presentarlo al cliente, exporta las hojas Calculadora y Cuotas a PDF junto con la cotización.
A9: 6. La plantilla reparte el saldo en pagos iguales y sin intereses. Es una simulación comercial, no asesoría financiera: el plan definitivo es el que se firma en el contrato, y el crédito depende de la aprobación de la entidad financiera.
A11: Las filas de ejemplo (Proyecto Ejemplo, Lead 1, Asesor 1…) son ficticias: bórralas antes de cargar tus datos. No borres los títulos ni las fórmulas.
